 Dungeon Crawl Stone Soup version 0.29.1-1-gd02db6906a (webtiles) character file.

Game seed: 2538880270063175032

23 firemarshallily the Poker (level 2, -2/34 HPs)
             Began as a Demonspawn Gladiator on Oct 20, 2022.
             Slain by Terence
             ... wielding a +0 trident
              (5 damage)
             ... on level 2 of the Dungeon.
             The game lasted 00:02:37 (1209 turns).

firemarshallily the Poker (Demonspawn Gladiator)    Turns: 1209, Time: 00:02:38

Health: -2/34      AC:  1    Str: 14    XL:     2   Next: 72%
Magic:  2/2        EV: 12    Int:  9    God:
Gold:   72         SH:  0    Dex: 14    Spells: 1/1 levels left

rFire   . . .      SeeInvis .   a - +0 trident
rCold   . . .      Faith    .   (no shield)
rNeg    . . .      Spirit   .   b - +0 leather armour
rPois   .          Reflect  .   (no helmet)
rElec   .          Harm     .   (no cloak)
rCorr   .          Rampage  .   (no gloves)
Will    .....                   (no boots)
Stlth   ..........              j - amulet of regeneration
HPRegen 0.91/turn               l - ring of wizardry
MPRegen 0.08/turn               (no ring)

@: berserking (expiring), flying, very quick
A: foul stench 1, deformed body
a: no special abilities


You were on level 2 of the Dungeon.
You visited 1 branch of the dungeon, and saw 2 of its levels.

You collected 72 gold pieces.

Inventory:

Hand Weapons
 a - a +0 trident (weapon)
Missiles
 d - 3 throwing nets (quivered)
 e - a javelin
 h - 14 stones
Armour
 b - a +0 leather armour (worn)
 c - a +0 helmet
 i - a +0 ring mail
Jewellery
 j - an amulet of regeneration (around neck)
 l - a ring of wizardry (left hand)
Scrolls
 m - a scroll of teleportation {unknown}
Potions
 g - a potion of flight
 k - a potion of mutation


   Skills:
 + Level 2.3 Fighting
 * Level 3.2 Polearms
 - Level 1.7 Throwing
 + Level 0.9 Armour
 - Level 2.6 Dodging


You had one spell level left.
You didn't know any spells.
Your spell library was empty.

Dungeon Overview and Level Annotations

Branches:
Dungeon (2/15)

Altars:

Shops:
D:1 =

Annotations:
D:2 Terence


Innate Abilities, Weirdness & Mutations

You may rarely emit foul miasma when damaged in melee.
Armour fits poorly on your strangely shaped body.


Message History

Reach: a) +0 trident
Press: ? - help, Dir - move target, f/p - Terence
Aim: Terence, wielding a +0 trident and wearing a +0 scale mail (moderately wounded, about 37% to evade your +0 trident)
You reach to attack!
You hit Terence.
Terence is moderately wounded.
Terence hits you from afar with a +0 trident.
* * * LOW HITPOINT WARNING * * *
Reach: a) +0 trident
Press: ? - help, Dir - move target, f/p - Terence
Aim: Terence, wielding a +0 trident and wearing a +0 scale mail (moderately wounded, about 37% to evade your +0 trident)
You reach to attack!
You puncture Terence!
Terence is almost dead.
Terence hits you from afar with a +0 trident.
* * * LOW HITPOINT WARNING * * *
Reach: a) +0 trident
Press: ? - help, Dir - move target, f/p - Terence
Aim: Terence, wielding a +0 trident and wearing a +0 scale mail (almost dead, about 37% to evade your +0 trident)
You reach to attack!
You hit Terence but do no damage.
Terence is almost dead.
Terence hits you from afar with a +0 trident.
* * * LOW HITPOINT WARNING * * *
Reach: a) +0 trident
Press: ? - help, Dir - move target, f/p - Terence
Aim: Terence, wielding a +0 trident and wearing a +0 scale mail (almost dead, about 37% to evade your +0 trident)
You reach to attack!
You hit Terence.
Terence is almost dead.
Unknown command.
Reach: a) +0 trident
Press: ? - help, Dir - move target, f/p - Terence
Aim: Terence, wielding a +0 trident and wearing a +0 scale mail (almost dead, about 37% to evade your +0 trident)
You reach to attack!
You barely miss Terence.
Terence is almost dead.
Terence barely misses you.
Reach: a) +0 trident
Press: ? - help, Dir - move target, f/p - Terence
Aim: Terence, wielding a +0 trident and wearing a +0 scale mail (almost dead, about 37% to evade your +0 trident)
You reach to attack!
You barely miss Terence.
Terence is almost dead.
Terence hits you from afar with a +0 trident.
You die...

+...........'.#
#...8...8...###
##.#..|..#.##
##.8...8.##
##.....##
##...## ##'##
#..# ##@#######
#.......$
#@#######


.wr ....# ....## ..##.# ..# =[# ... ##. You could see Terence, a dart slug and a
quokka.

Vanquished Creatures
  3 bats
  2 endoplasms (D:1)
  2 giant cockroaches
  A goblin (D:1)
  A hobgoblin (D:1)
  3 quokkas (D:1)
  3 ball pythons
  3 frilled lizards (D:1)
  3 kobolds (D:1)
  A rat (D:1)
22 creatures vanquished.

Notes
Turn   | Place    | Note
-------+----------+-------------------------------------------
     0 | D:1      | firemarshallily the Demonspawn Gladiator began the quest
                  | for the Orb.
     0 | D:1      | Reached XP level 1. HP: 16/16 MP: 1/1
   446 | D:1      | Found Meukaq's Jewellery Emporium.
   524 | D:1      | Reached skill level 3 in Polearms
   576 | D:1      | Gained mutation: You may rarely emit foul miasma when
                  | damaged in melee. [demonic ancestry]
   576 | D:1      | Reached XP level 2. HP: 22/22 MP: 2/2
  1189 | D:2      | Noticed Terence
  1200 | D:2      | Gained mutation: Armour fits poorly on your strangely
                  | shaped body. [potion of mutation]
  1200 | D:2      | Gained mutation: You have a pair of small horns on your
                  | head. [potion of mutation]
  1200 | D:2      | Lost mutation: You have a pair of small horns on your head.
                  | [potion of mutation]
  1206 | D:2      | HP: 1/34 [Terence/+0 trident (6)]
  1209 | D:2      | Slain by Terence

Illustrated notes

Levels and vault maps discovered:
D:1:      minmay_arrival_loop, layout_basic, serial_shops,
          nicolae_shop_waterfront, serial_aquarium, aquarium_bridge_square
          [aquarium_subvault_wall, aquarium_subvault_balcony,
          aquarium_subvault_bridge, aquarium_subvault_wall],
          aquarium_bridge_square [aquarium_subvault_wall,
          aquarium_subvault_bridge, aquarium_subvault_wall,
          aquarium_subvault_balcony], aquarium_window_fake, aquarium_window_1,
          aquarium_view_2b
D:2:      layout_loops_ring, dk_noncrumbling_3, minmay_hexomino_u4,
          uniq_terence, uniq_sigmund

Skill      XL: |  1 |
---------------+----+-----
Polearms       | 3 |  3.2
Fighting       | |  2.3
Throwing       | |  1.7
Armour         | |  0.9
Dodging        | |  2.6

Action                   || total
-------------------------++-------
Melee: Trident           ||    74
  Use: Potion            ||     4
Armor: Leather armour    ||    21
Dodge: Dodged            ||    41
